 Dungeon Crawl Stone Soup version 0.19-a0-414-g76fec5b (webtiles) character file.

2625 Skanax the Shield-Bearer (level 9, -5/55 HPs)
             Began as a Gargoyle Fighter on May 31, 2016.
             Was a Priest of Hepliaklqana.
             Slain by a komodo dragon (18 damage)
             ... on level 8 of the Dungeon.
             The game lasted 01:00:38 (7884 turns).

Skanax the Shield-Bearer (Gargoyle Fighter)         Turns: 7884, Time: 01:00:39

Health: -5/55      AC: 18    Str: 21    XL:     9   Next: 60%
Magic:  9/9        EV:  7    Int:  9    God:    Hepliaklqana [***...]
Gold:   225        SH: 10    Dex: 11    Spells: 0 memorised, 8 levels left

rFire  + . .     SeeInvis .     a - +1 war axe
rCold  . . .     Gourm    .     s - +0 chain mail {The Holy Armor of Hepliaklqana}
rNeg   + . .     Faith    .     c - +0 shield
rPois  ∞         Spirit   .     w - +0 helmet
rElec  +         Dismiss  .     (no cloak)
rCorr  .         Reflect  .     q - +0 pair of gloves
SustAt .         Harm     .     (no boots)
MR     .....                    (no amulet)
Stlth  ..........               (no ring)
                                r - ring of protection from fire

@: not resistant to hostile enchantments, extremely unstealthy
A: mutation resistance 1, negative energy resistance 1, electricity resistance,
wild magic 1, unbreathing, petrification resistance, rot immunity, AC +5
a: Recall Ancestor, Ancestor Identity, Transference, Renounce Religion


You were on level 8 of the Dungeon.
You worshipped Hepliaklqana.
Hepliaklqana was most pleased with you.
You were not hungry.

You visited 1 branch of the dungeon, and saw 8 of its levels.

You collected 449 gold pieces.
You spent 224 gold pieces at shops.

Inventory:

Hand Weapons
 a - a +1 war axe (weapon)
 o - a +0 hunting sling
 u - a +0 whip
Missiles
 e - 316 stones
 g - 44 bolts
 k - 121 arrows
 n - 64 sling bullets
 t - 25 poisoned needles
 y - a tomahawk (quivered)
 B - a javelin
Armour
 b - a +1 scale mail
 c - a +0 shield (worn)
 q - a +0 pair of gloves (worn)
 s - a +0 chain mail (worn) {The Holy Armor of Hepliaklqana}
 w - a +0 helmet (worn)
Magical Staves
 P - an uncursed staff of energy {unknown}
Jewellery
 r - a ring of protection from fire (left hand)
Wands
 z - a wand of paralysis (5/24)
 D - a wand of random effects (29/48)
 I - a wand of disintegration (11/24)
 K - a wand of digging (13/24)
 O - a wand of iceblast (10/15)
Scrolls
 l - 6 scrolls of teleportation
 A - 3 scrolls of amnesia
 G - a scroll of fog
Potions
 h - 2 potions of degeneration
 j - a potion of lignification
 m - a potion of heal wounds
 p - a potion of cancellation
 v - 3 potions of curing
 C - a potion of cure mutation
 H - a potion of brilliance
 J - 3 potions of berserk rage
 L - a potion of mutation
 M - a potion of invisibility
 N - a potion of resistance {unknown}
 Q - a potion of agility
Comestibles
 d - a beef jerky
 f - 5 bread rations
 i - 5 fruits
 x - a slice of pizza
 E - 2 royal jellies
 F - 2 chunks of flesh


   Skills:
 + Level 5.7 Fighting
 + Level 4.9 Axes
 + Level 5.8 Throwing
 + Level 6.6 Armour
 + Level 2.9 Dodging
 - Level 1.4 Stealth
 + Level 6.8 Shields


You had 8 spell levels left.
You didn't know any spells.

Dungeon Overview and Level Annotations

Branches:
Dungeon (8/15)             Temple (0/1) D:6
   Lair: D:8-11

Altars:
Dithmenos
Elyvilon
Hepliaklqana
Nemelex Xobeh
Sif Muna
Trog
Vehumet
Xom
Zin
The Shining One

Shops:
D:4 !


Innate Abilities, Weirdness & Mutations

You are resistant to torment.
Your stone body is resilient (AC +5).
You are immune to poison.
You resist negative energy. (rN+)
You are resistant to electric shocks. (rElec)
You can survive without breathing.
You are immune to petrification.
You are immune to rotting.
You are somewhat resistant to further mutation.
Your spells are a little harder to cast, but a little more powerful.


Message History

Zolin is destroyed!
You feel better.
You feel better.
You hit the komodo dragon but do no damage.
The komodo dragon is severely wounded.
You block the komodo dragon's attack.
You hit the komodo dragon.
The komodo dragon is severely wounded.
You block the komodo dragon's attack.
You hit the komodo dragon.
The komodo dragon is almost dead.
You block the komodo dragon's attack. x2
You hit the komodo dragon.
The komodo dragon is almost dead.
The komodo dragon bites you!
* * * LOW HITPOINT WARNING * * *
Your chain mail prevents you from hitting the komodo dragon.
The komodo dragon is almost dead.
The komodo dragon bites you!!
You die...

############
#((..(.....###
.....###.l@..#
### ### ...
#.###..####
#.###.### # ###
###...###........
####...########
#.#### ## ## .
##############


You could see a komodo dragon.

Vanquished Creatures
  An ice beast (D:6)
  Duvessa (D:7)
  A sky beast (D:6)
  2 phantoms
  A centaur (D:6)
  3 ogres
  3 giant frogs (D:7)
  3 scorpions
  2 crimson imps
  A hound (D:7)
  An orc priest (D:5)
  2 iguanas
  A jelly (D:7)
  3 orc wizards
  3 giant frog skeletons
  Ijyb (D:2)
  4 worker ants
  A hound skeleton (D:5)
  2 howler monkey zombies
  8 gnolls
  8 adders
  A shadow imp (D:6)
  6 worms
  2 dart slugs
  3 giant geckos
  14 orcs
  4 giant cockroaches
  7 hobgoblins
  5 jackals
  11 kobolds
  3 quokkas
  2 ball pythons
  4 bats
  4 giant newts
  11 goblins
  11 rats
  2 plants
142 creatures vanquished.

Vanquished Creatures (collateral kills)
  The ghost of Leszczynek the Chopper, a novice NaFi (D:4)
  A sky beast (D:6)
  2 black bears
  An ogre (D:4)
  A giant frog (D:7)
  Dowan (D:7)
  2 crimson imps
  A hound (D:3)
  A worker ant (D:4)
  2 orc wizards
  2 hound skeletons
  4 adders
  An ooze (D:5)
  A worm (D:3)
  A dart slug (D:2)
  An orc (D:6)
  A bat (D:3)
  A goblin (D:3)
  3 kobolds
  2 giant newts
  A plant (D:2)
31 creatures vanquished.

Vanquished Creatures (others)
  A hexer (D:8)
1 creature vanquished.

Grand Total: 174 creatures vanquished

Notes
Turn   | Place    | Note
--------------------------------------------------------------
     0 | D:1      | Skanax the Gargoyle Fighter began the quest for the Orb.
     0 | D:1      | Reached XP level 1. HP: 14/14 MP: 1/1
   329 | D:1      | Reached XP level 2. HP: 18/19 MP: 2/2
  1111 | D:1      | Reached XP level 3. HP: 16/23 MP: 3/3
  1260 | D:2      | Reached skill level 1 in Throwing
  1358 | D:2      | Reached XP level 4. HP: 28/28 MP: 4/4
  1493 | D:2      | Noticed Ijyb
  1509 | D:2      | Killed Ijyb
  1695 | D:2      | Found a shimmering altar of Xom.
  1697 | D:2      | Found a hazy altar of Hepliaklqana.
  1697 | D:2      | Noticed an earth elemental
  1698 | D:2      | Noticed a spectral ugly thing
  1698 | D:2      | Noticed an earth elemental
  1714 | D:2      | Became a worshipper of Hepliaklqana
  2381 | D:3      | Found a radiant altar of Vehumet.
  2402 | D:3      | Reached skill level 1 in Dodging
  2570 | D:3      | Reached XP level 5. HP: 31/32 MP: 5/5
  2806 | D:3      | Reached * piety under Hepliaklqana
  3071 | D:3      | Found a glowing golden altar of the Shining One.
  3730 | D:4      | Noticed Leszczynek's ghost (novice NaFi)
  3739 | D:4      | Killed Leszczynek's ghost
  3739 | D:4      | Reached XP level 6. HP: 25/38 MP: 6/6
  3739 | D:4      | Reached XP level 7. HP: 29/43 MP: 7/7
  4596 | D:4      | Found Xaschof's Distillery.
  4599 | D:4      | Bought a potion of curing for 42 gold pieces
  4599 | D:4      | Bought a potion of curing for 42 gold pieces
  4599 | D:4      | Bought 2 potions of heal wounds for 140 gold pieces
  4720 | D:4      | Found a bloodstained altar of Trog.
  4736 | D:4      | Found a white marble altar of Elyvilon.
  4736 | D:4      | Found a deep blue altar of Sif Muna.
  4737 | D:4      | Found a glowing silver altar of Zin.
  4738 | D:4      | Found a sparkling altar of Nemelex Xobeh.
  4739 | D:4      | Found a shadowy altar of Dithmenos.
  4773 | D:4      | Reached ** piety under Hepliaklqana
  4774 | D:4      | Remembered your ancestor Zolin as a hexer
  4823 | D:5      | Entered Level 5 of the Dungeon
  5100 | D:5      | Reached skill level 5 in Shields
  5362 | D:5      | Reached skill level 5 in Armour
  5538 | D:5      | Reached XP level 8. HP: 27/48 MP: 8/8
  6020 | D:6      | Gained mutation: Your spells are a little harder to cast, but a little more powerful. [potion of beneficial mutation]
  6154 | D:6      | Reached skill level 1 in Stealth
  6271 | D:6      | Found a staircase to the Ecumenical Temple.
  6377 | D:6      | Reached skill level 5 in Fighting
  6389 | D:6      | Gained mutation: You are somewhat resistant to further mutation. [mutagenic meat]
  6718 | D:6      | Reached skill level 5 in Throwing
  6718 | D:6      | Reached XP level 9. HP: 53/54 MP: 9/9
  7364 | D:7      | Noticed Dowan
  7366 | D:7      | Noticed Duvessa
  7368 | D:7      | Reached *** piety under Hepliaklqana
  7378 | D:7      | Killed Duvessa
  7380 | D:7      | Killed Dowan
  7861 | D:8      | Noticed a komodo dragon
  7884 | D:8      | Slain by a komodo dragon

Vault maps used:
D:1:      co_arrival_random_square_maze
D:2:      regret_index_temple_of_mockery, first_bread, serial_bayou_lagoon_a,
          uniq_iyjb
D:3:      kennysheep_six_static_rooms, nicolae_overflow_hidden_temple,
          tso_oasis_becter
D:4:      minmay_opposing_rooms, minitemple, serial_shops,
          nicolae_shop_behind_doors, minmay_misc_feat_nine_boxes
D:6:      minmay_temple_entry_glass
D:7:      uniq_duvessa
D:8:      erik_lair_dragon, serial_shops, shop, uniq_prince_ribbit1

Skill      XL: |  1  2  3  4  5  6  7  8 |
---------------+-------------------------+-----
Axes           | 2 3 4 |  4.9
Throwing       | 1 2 3 5 |  5.8
Shields        | 4 5 6 |  6.8
Dodging        | 1 2 |  2.9
Armour         | 4 5 6 |  6.6
Fighting       | 4 5 |  5.7
Stealth        | 1 |  1.4

Action                   |  1- 3 |  4- 6 |  7- 9 || total
-------------------------+-------+-------+-------++-------
Melee: War axe           |   106 |   179 |   267 ||   552
Throw: Stone             |    56 |       |     4 ||    60
       Javelin           |    17 |    63 |    78 ||   158
       Tomahawk          |       |       |    24 ||    24
Invok: Recall Ancestor   |       |     1 |       ||     1
       Ancestor Life: He |       |       |     1 ||     1
  Use: Scroll            |     5 |     4 |    11 ||    20
       Potion            |       |       |    10 ||    10
 Stab: Distracted        |       |       |     4 ||     4
  Eat: Chunk             |     2 |     7 |     3 ||    12
       Meat ration       |       |     1 |     2 ||     3
Armor: Scale mail        |    67 |    14 |       ||    81
       Chain mail        |       |    60 |   156 ||   216
Dodge: Dodged            |    21 |    25 |    60 ||   106
Block: Shield            |    51 |    92 |   143 ||   286
